Blues vs Devils

Created - 10 décembre 2020 at 20:23

Goals
1 2 3 T
Blues 2 2 1 5
Devils 0 0 0 0
Shots
1 2 3 T
Blues 13 19 10 42
Devils 11 12 14 37

1st period

1. Blues , Mikko Rantanen 7 (MacKenzie Weegar 3, Josh Bailey 10) at 3:20
2. Blues , Anthony Mantha 8 (Seth Jones 14, Sean Couturier 11) at 5:29 (PP)

Penalties :
Travis Konecny (NJD) for High sticking (Minor) at 4:20, Mikhail Sergachev (NJD) for High sticking (Minor) at 9:38

2nd period

3. Blues , Jack Eichel 10 (Ryan Pulock 9, Josh Bailey 11) at 7:30
4. Blues , Michael Chaput 2 (Andrew Copp 3) at 10:30

Penalties :
Travis Konecny (NJD) for Holding (Minor) at 8:14, P.K. Subban (STL) for High sticking (Minor) at 14:03, Chris Kreider (NJD) for Roughing (Minor) at 15:43

3rd period

5. Blues , Christian Dvorak 6 (Seth Jones 15, Jordan Staal 5) at 10:53

Penalties :
Jordan Staal (STL) for High sticking (Minor) at 3:15, Michael Chaput (STL) for Hooking (Minor) at 7:12

Goalie Stats

Carter Hart (STL), 37 saves from 37 shots - (1,000), W, 13-7-2, 60:00 minutes
Marc-Andre Fleury (NJD), 37 saves from 42 shots - (0,881), L, 3-10-1, 60:00 minutes

Players Stats for Blues

Player Name              G  A  P  +/- PIM S  H  SB GA TA FO     MP     PP MP  PK MP  
------------------------------------------------------------------------------------
Andrew Copp              0  1  1   1  0   1  0  1  0  0  6/8     9:24   0:00   3:38 
Anthony Mantha           1  0  1   0  0   1  1  0  0  0  0/1    16:37   3:17   0:44 
Christian Dvorak         1  0  1   1  0   6  1  0  0  0  5/16   17:23   3:47   0:56 
Colin Miller             0  0  0   2  0   1  0  1  0  0  0/0    14:09   0:00   2:36 
Dougie Hamilton          0  0  0   1  0   4  2  3  0  0  0/0    24:33   3:07   2:32 
Jack Eichel              1  0  1   2  0   3  2  0  0  0  9/25   20:12   3:47   0:06 
Johnny Gaudreau          0  0  0   1  0   3  0  0  0  0  0/0    16:20   3:40   0:00 
Jordan Staal             0  1  1   1  2   0  1  0  0  0  2/5    14:28   0:00   1:49 
Josh Bailey              0  2  2   2  0   2  2  0  0  0  0/2    19:19   3:00   0:00 
MacKenzie Weegar         0  1  1   2  0   0  1  1  0  0  0/0    11:48   0:00   0:15 
Martin Necas             0  0  0   0  0   3  1  0  0  0  0/0    12:36   0:00   0:00 
Michael Chaput           1  0  1   1  2   3  0  1  0  0  0/1     6:13   0:00   0:28 
Mikko Rantanen           1  0  1   2  0   5  2  0  0  0  0/2    19:58   3:30   0:00 
P.K. Subban              0  0  0   1  2   1  2  0  0  0  0/0    19:07   0:00   2:14 
Ryan Pulock              0  1  1   1  0   2  1  0  0  0  0/0    20:49   3:07   0:00 
Sean Couturier           0  1  1   0  0   4  0  0  0  0  14/27  18:09   3:00   2:19 
Seth Jones               0  2  2   1  0   1  1  4  0  0  0/0    25:53   3:40   3:39 
Trevor Lewis             0  0  0   1  0   2  0  0  0  0  0/0     7:02   0:00   1:16 

Players Stats for Devils

Player Name              G  A  P  +/- PIM S  H  SB GA TA FO     MP     PP MP  PK MP  
------------------------------------------------------------------------------------
Brian Boyle              0  0  0   0  0   0  1  0  0  0  7/11    8:01   0:00   2:00 
Cale Makar               0  0  0   0  0   2  1  2  0  0  0/0    18:14   2:20   0:00 
Chris Kreider            0  0  0  -1  2   2  3  0  0  0  1/3    17:06   3:00   0:00 
Damon Severson           0  0  0  -2  0   2  0  2  0  0  0/0    21:19   3:18   2:23 
Evgeni Malkin            0  0  0  -2  0   0  1  0  0  0  15/23  16:29   2:37   0:10 
Justin Schultz           0  0  0  -2  0   3  2  0  0  0  0/0    20:27   0:00   4:24 
Mathieu Joseph           0  0  0   0  0   0  0  0  0  0  0/0    10:38   0:00   4:37 
Mike Hoffman             0  0  0  -2  0   7  0  0  0  0  2/3    16:19   2:37   0:00 
Mikhail Sergachev        0  0  0  -2  2   0  0  1  0  0  0/0    19:00   3:18   0:00 
Nicklas Backstrom        0  0  0  -1  0   3  0  0  0  0  15/24  17:26   3:01   0:00 
Niklas Hjalmarsson       0  0  0  -2  0   1  1  0  0  0  0/0    20:11   0:00   4:24 
Rocco Grimaldi           0  0  0   0  0   0  0  0  0  0  0/0     6:01   0:00   0:00 
Ryan Suter               0  0  0   0  0   1  4  1  0  0  0/0    20:48   2:20   2:23 
Sam Reinhart             0  0  0  -1  0   5  0  0  0  0  0/1    13:27   0:00   0:00 
T.J. Oshie               0  0  0  -1  0   5  1  0  0  0  0/1    17:26   3:01   0:00 
Travis Konecny           0  0  0  -2  4   2  1  0  0  0  0/1    16:17   2:37   0:00 
Tyler Bozak              0  0  0  -1  0   2  0  0  0  0  11/19  18:14   0:00   4:47 
Zack Smith               0  0  0  -1  0   2  1  0  0  0  0/1    15:27   0:00   2:00 

3 Stars

1 - Carter Hart (STL)
2 - Josh Bailey (STL)
3 - Jack Eichel (STL)

Power Play

Blues - 1 on 4 Attempt(s) - 25,00%
Devils - 0 on 3 Attempt(s) - 0,00%

Penalty Kill

Blues - 3 on 3 Attempt(s) - 100,00% - Score 0 goal in Penalty Kill
Devils - 3 on 4 Attempt(s) - 75,00% - Score 0 goal in Penalty Kill

Team Stat

Blues - Hits : 17 - Faceoff Wins : 36 - Blocked Shots : 11 - Penalty Minutes : 6
Devils - Hits : 16 - Faceoff Wins : 51 - Blocked Shots : 6 - Penalty Minutes : 8

Official

Referees : Michael Markovic and Ian Walsh
Linesman : Steve Barton and Kiel Murchison

Game Notes

No Game Note

Finance

Level 1 -- Attendance: 6000 (100,00%) -- Ticket Income 672 000 $
Level 2 -- Attendance: 5000 (100,00%) -- Ticket Income 405 000 $
Level 3 -- Attendance: 2000 (100,00%) -- Ticket Income 160 000 $
Level 4 -- Attendance: 2980 (82,21%) -- Ticket Income 44 700 $
Luxury Box -- Attendance: 911 (91,10%) -- Ticket Income 177 645 $
Game was played at the Prudential Center.
Total Attendance: 16891 (95,84%)
Total Ticket Income: 1 459 345 $
Other Income: 715 079 $
Total Income: 2 174 424 $

% Time on Ice - Blues

Lines # - Real PCT - Wanted PCT - Time Play
Normal Forward
1 - 34% - 36% - 16:14
2 - 27% - 29% - 12:40
3 - 27% - 29% - 12:36
4 - 12% - 6% - 5:46
Normal Defense
1 - 36% - 38% - 16:54
2 - 36% - 38% - 17:09
3 - 24% - 17% - 11:33
4 - 4% - 7% - 1:40
PP Forward
1 - 56% - 50% - 3:47
2 - 44% - 50% - 3:00
PP Defense
1 - 46% - 50% - 3:07
2 - 54% - 50% - 3:40
PK Forward
1 - 78% - 60% - 4:22
2 - 22% - 40% - 1:16
PK Defense
1 - 69% - 60% - 3:54
2 - 31% - 40% - 1:44
PK3 Forward
1 - 0% - 60%
2 - 0% - 40%
PK3 Defense
1 - 0% - 60%
2 - 0% - 40%
44 Forward
1 - 74% - 50% - 0:14
2 - 26% - 50% - 0:05
44 Defense
1 - 74% - 50% - 0:14
2 - 26% - 50% - 0:05
Last Minute Offensive  - 0:00
Last Minute Defensive  - 0:00
Total
Forward - 60:00
Defense - 60:00

% Time on Ice - Devils

Lines # - Real PCT - Wanted PCT - Time Play
Normal Forward
1 - 30% - 33% - 14:06
2 - 29% - 32% - 13:42
3 - 28% - 32% - 13:27
4 - 13% - 3% - 6:01
Normal Defense
1 - 33% - 32% - 15:49
2 - 33% - 32% - 15:38
3 - 33% - 31% - 15:47
4 - 0% - 5% - 0:02
PP Forward
1 - 54% - 50% - 3:01
2 - 46% - 50% - 2:37
PP Defense
1 - 41% - 60% - 2:20
2 - 59% - 40% - 3:18
PK Forward
1 - 71% - 60% - 4:47
2 - 29% - 40% - 2:00
PK Defense
1 - 65% - 60% - 4:24
2 - 35% - 40% - 2:23
PK3 Forward
1 - 0% - 60%
2 - 0% - 40%
PK3 Defense
1 - 0% - 60%
2 - 0% - 40%
44 Forward
1 - 100% - 60% - 0:19
2 - 0% - 40% - 0:00
44 Defense
1 - 74% - 60% - 0:14
2 - 26% - 40% - 0:05
Last Minute Offensive  - 0:00
Last Minute Defensive  - 0:00
Total
Forward - 60:00
Defense - 60:00

Play-by-Play

1st period


0:01 of 1st period - Nicklas Backstrom wins face-off versus Jack Eichel in neutral zone.
0:13 of 1st period - Icing by P.K. Subban.
0:14 of 1st period - Evgeni Malkin wins face-off versus Mikko Rantanen in Blues zone.
0:23 of 1st period - Shot by Mike Hoffman.
0:23 of 1st period - Shot Misses the Net.
0:27 of 1st period - Shot by Mike Hoffman.
0:27 of 1st period - Stopped by Carter Hart without a rebound.
0:28 of 1st period - Tyler Bozak wins face-off versus Christian Dvorak in Blues zone.
0:35 of 1st period - Shot by Sam Reinhart.
0:35 of 1st period - Shot Misses the Net.
1:01 of 1st period - Shot by Johnny Gaudreau.
1:01 of 1st period - Shot Misses the Net.
1:03 of 1st period - Shot by Christian Dvorak.
1:03 of 1st period - Stopped by Marc-Andre Fleury with a rebound.
1:05 of 1st period - Shot by Ryan Pulock.
1:05 of 1st period - Stopped by Marc-Andre Fleury without a rebound.
1:06 of 1st period - Sean Couturier wins face-off versus Nicklas Backstrom in Devils zone.
1:17 of 1st period - Shot by Sean Couturier.
1:17 of 1st period - Stopped by Marc-Andre Fleury without a rebound.
1:18 of 1st period - Andrew Copp wins face-off versus Evgeni Malkin in Devils zone.
1:24 of 1st period - Icing by Damon Severson.
1:25 of 1st period - Evgeni Malkin wins face-off versus Sean Couturier in Devils zone.
2:00 of 1st period - Shot by Evgeni Malkin.
2:00 of 1st period - Shot Misses the Net.
2:02 of 1st period - Shot by Mikhail Sergachev.
2:02 of 1st period - Shot Misses the Net.
2:04 of 1st period - Shot by Mike Hoffman.
2:04 of 1st period - Shot Misses the Net.
3:14 of 1st period - Shot by Josh Bailey.
3:14 of 1st period - Shot Misses the Net.
3:20 of 1st period - Shot by Mikko Rantanen.
3:20 of 1st period - Goal by Mikko Rantanen - Blues : 1 - Devils : 0.
3:21 of 1st period - Brian Boyle wins face-off versus Christian Dvorak in neutral zone.
4:18 of 1st period - Shot by Sam Reinhart.
4:18 of 1st period - Stopped by Carter Hart without a rebound.
4:19 of 1st period - Andrew Copp wins face-off versus Evgeni Malkin in Blues zone.
4:19 of 1st period - Andrew Copp is hit by Evgeni Malkin.
4:20 of 1st period - Minor Penalty to Travis Konecny for High sticking.
4:21 of 1st period - Jack Eichel wins face-off versus Tyler Bozak in Devils zone.
4:46 of 1st period - Shot by Christian Dvorak.
4:46 of 1st period - Stopped by Marc-Andre Fleury with a rebound.
5:29 of 1st period - Shot by Anthony Mantha.
5:29 of 1st period - Goal by Anthony Mantha - Blues : 2 - Devils : 0.
5:30 of 1st period - Nicklas Backstrom wins face-off versus Andrew Copp in neutral zone.
5:33 of 1st period - Trevor Lewis is hit by Chris Kreider and loses puck.
5:44 of 1st period - Shot by T.J. Oshie.
5:44 of 1st period - Stopped by Carter Hart without a rebound.
5:45 of 1st period - Jack Eichel wins face-off versus Evgeni Malkin in Blues zone.
6:41 of 1st period - Shot by Sam Reinhart.
6:41 of 1st period - Shot Misses the Net.
6:43 of 1st period - Shot by Justin Schultz.
6:43 of 1st period - Stopped by Carter Hart with a rebound.
6:49 of 1st period - Shot by Justin Schultz.
6:49 of 1st period - Stopped by Carter Hart without a rebound.
6:50 of 1st period - Nicklas Backstrom wins face-off versus Christian Dvorak in Blues zone.
7:21 of 1st period - Shot by Dougie Hamilton.
7:21 of 1st period - Stopped by Marc-Andre Fleury without a rebound.
7:22 of 1st period - Tyler Bozak wins face-off versus Sean Couturier in Devils zone.
8:03 of 1st period - Icing by Sean Couturier.
8:04 of 1st period - Mike Hoffman wins face-off versus Sean Couturier in Blues zone.
9:38 of 1st period - Minor Penalty to Mikhail Sergachev for High sticking.
9:39 of 1st period - Tyler Bozak wins face-off versus Jack Eichel in Devils zone.
10:01 of 1st period - Icing by Johnny Gaudreau.
10:02 of 1st period - Tyler Bozak wins face-off versus Jack Eichel in Blues zone.
10:41 of 1st period - Shot by Josh Bailey.
10:41 of 1st period - Stopped by Marc-Andre Fleury without a rebound.
10:42 of 1st period - Sean Couturier wins face-off versus Tyler Bozak in Devils zone.
10:59 of 1st period - Shot by Dougie Hamilton.
10:59 of 1st period - Stopped by Marc-Andre Fleury without a rebound.
11:00 of 1st period - Brian Boyle wins face-off versus Jack Eichel in Devils zone.
11:09 of 1st period - Shot by Johnny Gaudreau.
11:09 of 1st period - Stopped by Marc-Andre Fleury without a rebound.
11:10 of 1st period - Brian Boyle wins face-off versus Anthony Mantha in Devils zone.
11:40 of 1st period - Seth Jones is hit by T.J. Oshie.
12:01 of 1st period - Shot by Andrew Copp.
12:01 of 1st period - Stopped by Marc-Andre Fleury with a rebound.
12:56 of 1st period - Off-side.
12:57 of 1st period - Tyler Bozak wins face-off versus Jack Eichel in neutral zone.
13:14 of 1st period - Shot by Jack Eichel.
13:14 of 1st period - Shot Misses the Net.
13:22 of 1st period - Shot by Mikko Rantanen.
13:22 of 1st period - Shot Misses the Net.
13:28 of 1st period - Shot by Mikko Rantanen.
13:28 of 1st period - Stopped by Marc-Andre Fleury without a rebound.
13:29 of 1st period - Evgeni Malkin wins face-off versus Sean Couturier in Devils zone.
13:34 of 1st period - Shot by Mike Hoffman.
13:34 of 1st period - Shot Misses the Net.
13:38 of 1st period - Shot by Travis Konecny.
13:38 of 1st period - Stopped by Carter Hart with a rebound.
13:40 of 1st period - Shot by Mike Hoffman.
13:40 of 1st period - Stopped by Carter Hart without a rebound.
13:41 of 1st period - Christian Dvorak wins face-off versus Brian Boyle in Blues zone.
14:02 of 1st period - Christian Dvorak is hit by Cale Makar and loses puck.
14:20 of 1st period - Johnny Gaudreau is hit by Ryan Suter and loses puck.
14:44 of 1st period - Shot by Jack Eichel.
14:44 of 1st period - Shot Blocked by Cale Makar.
14:46 of 1st period - Shot by P.K. Subban.
14:46 of 1st period - Shot Misses the Net.
14:48 of 1st period - Shot by P.K. Subban.
14:48 of 1st period - Stopped by Marc-Andre Fleury without a rebound.
14:49 of 1st period - Sean Couturier wins face-off versus Tyler Bozak in Devils zone.
15:11 of 1st period - Shot by Zack Smith.
15:11 of 1st period - Stopped by Carter Hart without a rebound.
15:12 of 1st period - Nicklas Backstrom wins face-off versus Jack Eichel in Blues zone.
15:13 of 1st period - Shot by T.J. Oshie.
15:13 of 1st period - Stopped by Carter Hart without a rebound.
15:14 of 1st period - Jack Eichel wins face-off versus Nicklas Backstrom in Blues zone.
15:21 of 1st period - Shot by Josh Bailey.
15:21 of 1st period - Shot Blocked by Mikhail Sergachev.
16:19 of 1st period - Shot by Jordan Staal.
16:19 of 1st period - Shot Misses the Net.
18:02 of 1st period - Icing by Damon Severson.
18:03 of 1st period - Brian Boyle wins face-off versus Jack Eichel in Devils zone.
18:12 of 1st period - Shot by Brian Boyle.
18:12 of 1st period - Shot Blocked by Seth Jones.
18:41 of 1st period - Rocco Grimaldi is hit by Jack Eichel and loses puck.
19:34 of 1st period - Shot by Justin Schultz.
19:34 of 1st period - Stopped by Carter Hart with a rebound.
19:36 of 1st period - Shot by Niklas Hjalmarsson.
19:36 of 1st period - Shot Misses the Net.
19:38 of 1st period - Shot by Zack Smith.
19:38 of 1st period - Stopped by Carter Hart without a rebound.
19:39 of 1st period - Chris Kreider wins face-off versus Christian Dvorak in Blues zone.
19:39 of 1st period - T.J. Oshie is hit by Ryan Pulock and loses puck.
Goals for this period are 2 for Blues vs 0 for Devils.
Shots for this period are 13 for Blues vs 11 for Devils.

2nd period


0:01 of 2nd period - Evgeni Malkin wins face-off versus Jack Eichel in neutral zone.
0:35 of 2nd period - Mikko Rantanen is hit by Justin Schultz and loses puck.
1:09 of 2nd period - Shot by Martin Necas.
1:09 of 2nd period - Shot Misses the Net.
1:11 of 2nd period - Shot by Dougie Hamilton.
1:11 of 2nd period - Shot Misses the Net.
1:13 of 2nd period - Shot by Dougie Hamilton.
1:13 of 2nd period - Shot Misses the Net.
2:04 of 2nd period - Shot by Jordan Staal.
2:04 of 2nd period - Deflect By Christian Dvorak.
2:04 of 2nd period - Stopped by Marc-Andre Fleury without a rebound.
2:05 of 2nd period - Andrew Copp wins face-off versus Brian Boyle in Devils zone.
2:05 of 2nd period - Seth Jones is hit by Ryan Suter.
2:23 of 2nd period - Shot by Trevor Lewis.
2:23 of 2nd period - Shot Misses the Net.
2:25 of 2nd period - Shot by Trevor Lewis.
2:25 of 2nd period - Stopped by Marc-Andre Fleury without a rebound.
2:26 of 2nd period - Nicklas Backstrom wins face-off versus Jack Eichel in Devils zone.
2:43 of 2nd period - Shot by Chris Kreider.
2:43 of 2nd period - Stopped by Carter Hart with a rebound.
2:45 of 2nd period - Shot by Justin Schultz.
2:45 of 2nd period - Shot Blocked by Colin Miller.
2:47 of 2nd period - Shot by Nicklas Backstrom.
2:47 of 2nd period - Shot Blocked by MacKenzie Weegar.
2:49 of 2nd period - Shot by Niklas Hjalmarsson.
2:49 of 2nd period - Deflect By Chris Kreider.
2:49 of 2nd period - Stopped by Carter Hart without a rebound.
2:50 of 2nd period - Evgeni Malkin wins face-off versus Christian Dvorak in Blues zone.
3:12 of 2nd period - Shot by Ryan Suter.
3:12 of 2nd period - Stopped by Carter Hart without a rebound.
3:13 of 2nd period - Nicklas Backstrom wins face-off versus Josh Bailey in Blues zone.
3:26 of 2nd period - Shot by Jack Eichel.
3:26 of 2nd period - Stopped by Marc-Andre Fleury without a rebound.
3:27 of 2nd period - Tyler Bozak wins face-off versus Sean Couturier in Devils zone.
4:34 of 2nd period - Shot by Nicklas Backstrom.
4:34 of 2nd period - Stopped by Carter Hart with a rebound.
4:36 of 2nd period - Shot by Niklas Hjalmarsson.
4:36 of 2nd period - Stopped by Carter Hart without a rebound.
4:37 of 2nd period - Evgeni Malkin wins face-off versus Christian Dvorak in Blues zone.
4:46 of 2nd period - Shot by Evgeni Malkin.
4:46 of 2nd period - Deflect By Mike Hoffman.
4:46 of 2nd period - Stopped by Carter Hart without a rebound.
4:47 of 2nd period - Andrew Copp wins face-off versus Nicklas Backstrom in Blues zone.
5:05 of 2nd period - Chris Kreider is hit by Dougie Hamilton and loses puck.
5:46 of 2nd period - Icing by Justin Schultz.
5:47 of 2nd period - Nicklas Backstrom wins face-off versus Josh Bailey in Devils zone.
5:47 of 2nd period - Nicklas Backstrom is hit by Mikko Rantanen.
5:54 of 2nd period - Icing by Chris Kreider.
5:55 of 2nd period - Nicklas Backstrom wins face-off versus Christian Dvorak in Devils zone.
6:09 of 2nd period - Icing by P.K. Subban.
6:10 of 2nd period - Evgeni Malkin wins face-off versus Jordan Staal in Blues zone.
6:19 of 2nd period - Shot by Mike Hoffman.
6:19 of 2nd period - Stopped by Carter Hart without a rebound.
6:20 of 2nd period - Tyler Bozak wins face-off versus Jack Eichel in Blues zone.
6:35 of 2nd period - Shot by Jack Eichel.
6:35 of 2nd period - Shot Blocked by Damon Severson.
6:45 of 2nd period - Shot by Mikko Rantanen.
6:45 of 2nd period - Stopped by Marc-Andre Fleury without a rebound.
6:46 of 2nd period - Evgeni Malkin wins face-off versus Christian Dvorak in Devils zone.
7:10 of 2nd period - Shot by Christian Dvorak.
7:10 of 2nd period - Stopped by Marc-Andre Fleury without a rebound.
7:11 of 2nd period - Nicklas Backstrom wins face-off versus Jack Eichel in Devils zone.
7:30 of 2nd period - Shot by Jack Eichel.
7:30 of 2nd period - Goal by Jack Eichel - Blues : 3 - Devils : 0.
7:31 of 2nd period - Evgeni Malkin wins face-off versus Sean Couturier in neutral zone.
8:14 of 2nd period - Minor Penalty to Travis Konecny for Holding.
8:15 of 2nd period - Tyler Bozak wins face-off versus Jack Eichel in Devils zone.
9:14 of 2nd period - Shot by Sean Couturier.
9:14 of 2nd period - Shot Misses the Net.
9:50 of 2nd period - Shot by Dougie Hamilton.
9:50 of 2nd period - Stopped by Marc-Andre Fleury without a rebound.
9:51 of 2nd period - Brian Boyle wins face-off versus Mikko Rantanen in Devils zone.
9:56 of 2nd period - Seth Jones is hit by Brian Boyle and loses puck.
10:22 of 2nd period - Shot by Trevor Lewis.
10:22 of 2nd period - Stopped by Marc-Andre Fleury without a rebound.
10:23 of 2nd period - Andrew Copp wins face-off versus Evgeni Malkin in Devils zone.
10:26 of 2nd period - Shot by Michael Chaput.
10:26 of 2nd period - Stopped by Marc-Andre Fleury with a rebound.
10:28 of 2nd period - Shot by Michael Chaput.
10:28 of 2nd period - Stopped by Marc-Andre Fleury with a rebound.
10:30 of 2nd period - Shot by Andrew Copp.
10:30 of 2nd period - Deflect By Michael Chaput.
10:30 of 2nd period - Goal by Michael Chaput - Blues : 4 - Devils : 0.
10:31 of 2nd period - Nicklas Backstrom wins face-off versus Sean Couturier in neutral zone.
10:33 of 2nd period - Chris Kreider is hit by Martin Necas and loses puck.
10:42 of 2nd period - Shot by Sean Couturier.
10:42 of 2nd period - Stopped by Marc-Andre Fleury with a rebound.
10:44 of 2nd period - Shot by Dougie Hamilton.
10:44 of 2nd period - Stopped by Marc-Andre Fleury with a rebound.
10:56 of 2nd period - Shot by Sean Couturier.
10:56 of 2nd period - Stopped by Marc-Andre Fleury without a rebound.
10:57 of 2nd period - Andrew Copp wins face-off versus Evgeni Malkin in Devils zone.
10:57 of 2nd period - Andrew Copp is hit by Ryan Suter.
12:23 of 2nd period - Nicklas Backstrom is hit by Mikko Rantanen and loses puck.
12:58 of 2nd period - Shot by Tyler Bozak.
12:58 of 2nd period - Shot Misses the Net.
13:00 of 2nd period - Shot by Niklas Hjalmarsson.
13:00 of 2nd period - Shot Blocked by Dougie Hamilton.
13:51 of 2nd period - Johnny Gaudreau is hit by Ryan Suter and loses puck.
14:03 of 2nd period - Minor Penalty to P.K. Subban for High sticking.
14:04 of 2nd period - Jordan Staal wins face-off versus Mike Hoffman in Blues zone.
14:40 of 2nd period - Shot by Travis Konecny.
14:40 of 2nd period - Stopped by Carter Hart without a rebound.
14:41 of 2nd period - Nicklas Backstrom wins face-off versus Michael Chaput in Blues zone.
15:00 of 2nd period - Shot by Cale Makar.
15:00 of 2nd period - Stopped by Carter Hart without a rebound.
15:01 of 2nd period - Sean Couturier wins face-off versus Evgeni Malkin in Blues zone.
15:15 of 2nd period - Evgeni Malkin is hit by Seth Jones and loses puck.
15:26 of 2nd period - Shot by Cale Makar.
15:26 of 2nd period - Shot Blocked by Michael Chaput.
15:28 of 2nd period - Shot by Cale Makar.
15:28 of 2nd period - Stopped by Carter Hart without a rebound.
15:29 of 2nd period - Jordan Staal wins face-off versus Nicklas Backstrom in Blues zone.
15:43 of 2nd period - Minor Penalty to Chris Kreider for Roughing.
15:44 of 2nd period - Sean Couturier wins face-off versus Nicklas Backstrom in Devils zone.
15:57 of 2nd period - Shot by Mikko Rantanen.
15:57 of 2nd period - Stopped by Marc-Andre Fleury without a rebound.
15:58 of 2nd period - Jack Eichel wins face-off versus Nicklas Backstrom in Devils zone.
15:59 of 2nd period - Shot by Josh Bailey.
15:59 of 2nd period - Stopped by Marc-Andre Fleury with a rebound.
16:23 of 2nd period - Shot by Sean Couturier.
16:23 of 2nd period - Shot Misses the Net.
16:34 of 2nd period - Icing by Josh Bailey.
16:35 of 2nd period - Sean Couturier wins face-off versus Tyler Bozak in Blues zone.
17:02 of 2nd period - Shot by Seth Jones.
17:02 of 2nd period - Stopped by Marc-Andre Fleury without a rebound.
17:03 of 2nd period - Jack Eichel wins face-off versus Brian Boyle in Devils zone.
17:06 of 2nd period - Shot by Jack Eichel.
17:06 of 2nd period - Shot Misses the Net.
17:16 of 2nd period - Niklas Hjalmarsson is hit by Christian Dvorak and loses puck.
17:35 of 2nd period - Shot by Johnny Gaudreau.
17:35 of 2nd period - Stopped by Marc-Andre Fleury without a rebound.
17:36 of 2nd period - Sean Couturier wins face-off versus Tyler Bozak in Devils zone.
18:14 of 2nd period - Shot by Mike Hoffman.
18:14 of 2nd period - Stopped by Carter Hart without a rebound.
18:15 of 2nd period - Sean Couturier wins face-off versus Nicklas Backstrom in Blues zone.
18:19 of 2nd period - Seth Jones is hit by Justin Schultz and loses puck.
18:28 of 2nd period - Shot by Martin Necas.
18:28 of 2nd period - Stopped by Marc-Andre Fleury without a rebound.
18:29 of 2nd period - Jack Eichel wins face-off versus Tyler Bozak in Devils zone.
18:42 of 2nd period - Shot by Sam Reinhart.
18:42 of 2nd period - Shot Blocked by Dougie Hamilton.
18:44 of 2nd period - Shot by Tyler Bozak.
18:44 of 2nd period - Stopped by Carter Hart without a rebound.
18:45 of 2nd period - Evgeni Malkin wins face-off versus Christian Dvorak in Blues zone.
18:48 of 2nd period - Shot by Mike Hoffman.
18:48 of 2nd period - Shot Blocked by Seth Jones.
19:05 of 2nd period - Seth Jones is hit by Niklas Hjalmarsson and loses puck.
Goals for this period are 2 for Blues vs 0 for Devils.
Shots for this period are 19 for Blues vs 12 for Devils.

3rd period


0:01 of 3rd period - Tyler Bozak wins face-off versus Jack Eichel in neutral zone.
0:09 of 3rd period - Shot by Sam Reinhart.
0:09 of 3rd period - Stopped by Carter Hart without a rebound.
0:10 of 3rd period - Sean Couturier wins face-off versus Chris Kreider in Blues zone.
0:10 of 3rd period - Sean Couturier is hit by Chris Kreider.
1:20 of 3rd period - Off-side.
1:21 of 3rd period - Christian Dvorak wins face-off versus Zack Smith in neutral zone.
1:31 of 3rd period - Shot by Christian Dvorak.
1:31 of 3rd period - Stopped by Marc-Andre Fleury with a rebound.
1:39 of 3rd period - Shot by Johnny Gaudreau.
1:39 of 3rd period - Stopped by Marc-Andre Fleury without a rebound.
1:40 of 3rd period - Jack Eichel wins face-off versus Evgeni Malkin in Devils zone.
1:59 of 3rd period - Shot by Evgeni Malkin.
1:59 of 3rd period - Shot Misses the Net.
2:19 of 3rd period - Shot by Jack Eichel.
2:19 of 3rd period - Stopped by Marc-Andre Fleury without a rebound.
2:20 of 3rd period - Sean Couturier wins face-off versus Tyler Bozak in Devils zone.
2:41 of 3rd period - Shot by Sam Reinhart.
2:41 of 3rd period - Shot Misses the Net.
2:43 of 3rd period - Shot by Tyler Bozak.
2:43 of 3rd period - Stopped by Carter Hart with a rebound.
2:45 of 3rd period - Shot by Sam Reinhart.
2:45 of 3rd period - Stopped by Carter Hart without a rebound.
2:46 of 3rd period - Christian Dvorak wins face-off versus Nicklas Backstrom in Blues zone.
2:51 of 3rd period - Jordan Staal is hit by Chris Kreider and loses puck.
3:08 of 3rd period - Shot by Chris Kreider.
3:08 of 3rd period - Shot Misses the Net.
3:10 of 3rd period - Shot by Nicklas Backstrom.
3:10 of 3rd period - Stopped by Carter Hart with a rebound.
3:15 of 3rd period - Minor Penalty to Jordan Staal for High sticking.
3:16 of 3rd period - Sean Couturier wins face-off versus Evgeni Malkin in Blues zone.
3:34 of 3rd period - Icing by Cale Makar.
3:35 of 3rd period - Evgeni Malkin wins face-off versus Sean Couturier in Devils zone.
4:54 of 3rd period - Shot by Mikhail Sergachev.
4:54 of 3rd period - Shot Blocked by Dougie Hamilton.
5:51 of 3rd period - Niklas Hjalmarsson is hit by Josh Bailey.
7:12 of 3rd period - Minor Penalty to Michael Chaput for Hooking.
7:13 of 3rd period - Nicklas Backstrom wins face-off versus Jordan Staal in Blues zone.
7:22 of 3rd period - Shot by Damon Severson.
7:22 of 3rd period - Stopped by Carter Hart with a rebound.
7:24 of 3rd period - Shot by T.J. Oshie.
7:24 of 3rd period - Shot Misses the Net.
7:26 of 3rd period - Shot by Damon Severson.
7:26 of 3rd period - Shot Misses the Net.
7:30 of 3rd period - Shot by Mikhail Sergachev.
7:30 of 3rd period - Shot Blocked by Andrew Copp.
7:32 of 3rd period - Shot by Nicklas Backstrom.
7:32 of 3rd period - Stopped by Carter Hart without a rebound.
7:33 of 3rd period - Nicklas Backstrom wins face-off versus Sean Couturier in Blues zone.
7:40 of 3rd period - Shot by T.J. Oshie.
7:40 of 3rd period - Shot Misses the Net.
7:52 of 3rd period - Shot by Damon Severson.
7:52 of 3rd period - Shot Blocked by Seth Jones.
7:54 of 3rd period - Shot by T.J. Oshie.
7:54 of 3rd period - Stopped by Carter Hart with a rebound.
7:56 of 3rd period - Shot by T.J. Oshie.
7:56 of 3rd period - Stopped by Carter Hart without a rebound.
7:57 of 3rd period - Evgeni Malkin wins face-off versus Jordan Staal in Blues zone.
8:22 of 3rd period - Seth Jones is hit by Travis Konecny and loses puck.
8:43 of 3rd period - Shot by Nicklas Backstrom.
8:43 of 3rd period - Shot Blocked by Seth Jones.
10:05 of 3rd period - Icing by Colin Miller.
10:06 of 3rd period - Sean Couturier wins face-off versus Brian Boyle in Blues zone.
10:25 of 3rd period - Icing by Colin Miller.
10:26 of 3rd period - Mike Hoffman wins face-off versus Sean Couturier in Blues zone.
10:53 of 3rd period - Shot by Christian Dvorak.
10:53 of 3rd period - Goal by Christian Dvorak - Blues : 5 - Devils : 0.
10:54 of 3rd period - Jack Eichel wins face-off versus Nicklas Backstrom in neutral zone.
11:11 of 3rd period - Shot by Mikko Rantanen.
11:11 of 3rd period - Shot Misses the Net.
11:13 of 3rd period - Shot by P.K. Subban.
11:13 of 3rd period - Shot Blocked by Ryan Suter.
11:15 of 3rd period - Shot by Josh Bailey.
11:15 of 3rd period - Shot Blocked by Cale Makar.
11:48 of 3rd period - Icing by Jordan Staal.
11:49 of 3rd period - Christian Dvorak wins face-off versus Sam Reinhart in Blues zone.
11:49 of 3rd period - Christian Dvorak is hit by Zack Smith.
11:56 of 3rd period - Icing by Jordan Staal.
11:57 of 3rd period - Evgeni Malkin wins face-off versus Christian Dvorak in Blues zone.
12:02 of 3rd period - Shot by Mike Hoffman.
12:02 of 3rd period - Stopped by Carter Hart without a rebound.
12:03 of 3rd period - Tyler Bozak wins face-off versus Sean Couturier in Blues zone.
12:20 of 3rd period - Shot by Sam Reinhart.
12:20 of 3rd period - Stopped by Carter Hart without a rebound.
12:21 of 3rd period - Evgeni Malkin wins face-off versus Jack Eichel in Blues zone.
12:21 of 3rd period - Evgeni Malkin is hit by P.K. Subban.
12:41 of 3rd period - Shot by Mikko Rantanen.
12:41 of 3rd period - Stopped by Marc-Andre Fleury without a rebound.
12:42 of 3rd period - Nicklas Backstrom wins face-off versus Christian Dvorak in Devils zone.
12:42 of 3rd period - Nicklas Backstrom is hit by Jordan Staal.
13:42 of 3rd period - Zack Smith is hit by Dougie Hamilton and loses puck.
14:01 of 3rd period - Shot by Sam Reinhart.
14:01 of 3rd period - Shot Misses the Net.
14:11 of 3rd period - Niklas Hjalmarsson is hit by Jack Eichel and loses puck.
14:17 of 3rd period - Off-side.
14:18 of 3rd period - Sean Couturier wins face-off versus Travis Konecny in neutral zone.
14:41 of 3rd period - Shot by Sean Couturier.
14:41 of 3rd period - Shot Misses the Net.
14:43 of 3rd period - Shot by Martin Necas.
14:43 of 3rd period - Shot Misses the Net.
14:45 of 3rd period - Shot by Sean Couturier.
14:45 of 3rd period - Shot Misses the Net.
14:47 of 3rd period - Shot by Sean Couturier.
14:47 of 3rd period - Shot Misses the Net.
14:49 of 3rd period - Shot by Martin Necas.
14:49 of 3rd period - Stopped by Marc-Andre Fleury with a rebound.
14:51 of 3rd period - Shot by Colin Miller.
14:51 of 3rd period - Stopped by Marc-Andre Fleury without a rebound.
14:52 of 3rd period - Nicklas Backstrom wins face-off versus Jack Eichel in Devils zone.
15:04 of 3rd period - Nicklas Backstrom is hit by P.K. Subban and loses puck.
15:07 of 3rd period - Shot by Damon Severson.
15:07 of 3rd period - Stopped by Carter Hart without a rebound.
15:08 of 3rd period - Brian Boyle wins face-off versus Andrew Copp in Blues zone.
15:39 of 3rd period - Shot by Michael Chaput.
15:39 of 3rd period - Shot Misses the Net.
16:05 of 3rd period - Shot by Ryan Pulock.
16:05 of 3rd period - Stopped by Marc-Andre Fleury without a rebound.
16:06 of 3rd period - Sean Couturier wins face-off versus T.J. Oshie in Devils zone.
16:17 of 3rd period - Shot by Martin Necas.
16:17 of 3rd period - Stopped by Marc-Andre Fleury without a rebound.
16:18 of 3rd period - Jack Eichel wins face-off versus Tyler Bozak in Devils zone.
16:19 of 3rd period - Shot by Mikko Rantanen.
16:19 of 3rd period - Shot Misses the Net.
17:18 of 3rd period - Shot by T.J. Oshie.
17:18 of 3rd period - Stopped by Carter Hart without a rebound.
17:19 of 3rd period - Evgeni Malkin wins face-off versus Sean Couturier in Blues zone.
17:34 of 3rd period - Shot by Mike Hoffman.
17:34 of 3rd period - Stopped by Carter Hart with a rebound.
17:59 of 3rd period - Justin Schultz is hit by Anthony Mantha and loses puck.
18:32 of 3rd period - Shot by Christian Dvorak.
18:32 of 3rd period - Shot Misses the Net.
18:34 of 3rd period - Shot by Colin Miller.
18:34 of 3rd period - Shot Blocked by Damon Severson.
18:36 of 3rd period - Shot by Jordan Staal.
18:36 of 3rd period - Shot Misses the Net.
18:57 of 3rd period - Off-side.
18:58 of 3rd period - Tyler Bozak wins face-off versus Jack Eichel in neutral zone.
18:58 of 3rd period - Tyler Bozak is hit by Josh Bailey.
19:22 of 3rd period - Shot by Sam Reinhart.
19:22 of 3rd period - Stopped by Carter Hart without a rebound.
19:23 of 3rd period - Brian Boyle wins face-off versus Sean Couturier in Blues zone.
19:42 of 3rd period - Shot by Sean Couturier.
19:42 of 3rd period - Stopped by Marc-Andre Fleury without a rebound.
19:43 of 3rd period - Christian Dvorak wins face-off versus Chris Kreider in Devils zone.
19:57 of 3rd period - Cale Makar is hit by MacKenzie Weegar and loses puck.
Goals for this period are 1 for Blues vs 0 for Devils.
Shots for this period are 10 for Blues vs 14 for Devils.